 Dungeon Crawl Stone Soup version 0.27.0-1-g7a089689b8 (webtiles) character file.

Game seed: 1997633362812282146

2 SkeletonJelly the Skirmisher (level 1, 0/19 HPs)
             Began as a Palentonga Fighter on July 31, 2021.
             Slain by a quokka (4 damage)
             ... on level 1 of the Dungeon.
             The game lasted 00:00:41 (93 turns).

SkeletonJelly the Skirmisher (Palentonga Fighter)     Turns: 93, Time: 00:00:42

Health: 0/19       AC:  6    Str: 19    XL:     1   Next: 33%
Magic:  1/1        EV:  5    Int:  8    God:
Gold:   0          SH:  8    Dex:  9    Spells: 0/0 levels left

rFire    . . .     SeeInvis +   a - +0 war axe
rCold    . . .     Faith    .   c - +0 kite shield
rNeg     . . .     Spirit   .   b - +0 scale mail
rPois    .         Reflect  .   (no helmet)
rElec    .         Harm     .   (no cloak)
rCorr    .         Rampage  .   (no gloves)
Will     .....                  (no barding)
Stlth    ..........             (no amulet)
HPRegen  0.06/turn              (no ring)
MPRegen  0.07/turn              (no ring)

@: no status effects
A: large, rugged brown scales 3, see invisible, deformed body, roll 1, armoured
tail
a: Rolling Charge


You were on level 1 of the Dungeon.
You visited 1 branch of the dungeon, and saw 1 of its levels.

Inventory:

Hand Weapons
 a - a +0 war axe (weapon)
Armour
 b - a +0 scale mail (worn)
 c - a +0 kite shield (worn)
Scrolls
 e - a scroll of immolation {unknown}
Potions
 d - a potion of might
 f - a potion of curing {unknown}
 g - a potion of magic {unknown}


   Skills:
 - Level 3.0 Fighting
 + Level 2.2 Axes
 - Level 2.4 Armour
 - Level 2.4 Shields


You couldn't memorise any spells.
You didn't know any spells.
Your spell library was empty.

Dungeon Overview and Level Annotations

Branches:
Dungeon (1/15)

Altars:


Innate Abilities, Weirdness & Mutations

You are completely covered in rugged brown scales. (AC +3, +7% HP)
You have supernaturally acute eyesight. (SInv)
Armour fits poorly on your strangely shaped body.
You can roll at nearby foes to attack.
You have a long armoured tail.


Message History

Options error: Cannot find file "HDamage.rc". (~/.crawlrc:11) Welcome, SkeletonJelly the Palentonga Fighter.
Will you prevail where others failed? Will you find the Orb of Zot?
Press ? for a list of commands and other information.
Found a murky amethyst potion and a scroll labelled CIAPLO READ.
Found a staircase leading out of the dungeon.
Unknown command.
Unknown command.
e - a scroll labelled CIAPLO READ
There is a fountain of clear blue water here.
f - a murky amethyst potion You open the door.
There is an open door here.
Key pressed, stopping explore.
Found a scale mail.
Found a dagger.
g - a fuming white potion You see here a +0 scale mail.
A hobgoblin comes into view.
The hobgoblin shouts!
You roll forward with a clatter of scales!
You slice the hobgoblin!!
You kill the hobgoblin!
You hear a shout! x2; You hear an angry hiss.
Found 12 gold pieces.
A quokka comes into view.
You see here a hobgoblin corpse.
A quokka is nearby!
A quokka is nearby!
A quokka is nearby!
A quokka is nearby!
You roll forward with a clatter of scales!
You closely miss the quokka.
Your tail-slap misses the quokka.
You hear an angry hiss.
You hear a shout!
You block the quokka's attack.
A quokka comes into view.
A frilled lizard comes into view.
The quokka bites you but does no damage.
Found a stone staircase leading down.
You closely miss the quokka. You block the quokka's attack.
The quokka bites you.
You hit the quokka.
The quokka is lightly wounded.
You block the quokka's attack.
A kobold comes into view. It is wielding a +0 short sword.
The quokka bites you.
You barely miss the quokka.
The quokka is lightly wounded.
You closely miss the quokka. The quokka barely misses you.
You block the quokka's attack. The quokka barely misses you.
The quokka bites you.
Your shield prevents you from hitting the quokka.
The quokka is lightly wounded.
You hit the quokka. You block the quokka's attack. x2
A frilled lizard comes into view.
The quokka barely misses you.
The quokka bites you but does no damage.
The frilled lizard moves out of view.
You barely miss the quokka.
The quokka is lightly wounded.
You barely miss the quokka. You block the quokka's attack.
The quokka bites you but does no damage.
The quokka bites you. You block the quokka's attack.
You barely miss the quokka.
The quokka is lightly wounded.
You hit the quokka but do no damage. You block the quokka's attack.
The quokka barely misses you. The quokka bites you.
The quokka bites you but does no damage.
The kobold hits you with a +0 short sword.
You barely miss the quokka.
Your tail-slap misses the quokka.
The quokka is lightly wounded.
You hit the kobold but do no damage. You barely miss the quokka.
The quokka bites you but does no damage.
You block the quokka's attack. You block the kobold's attack.
The quokka barely misses you. You block the quokka's attack.
You closely miss the quokka.
The quokka is lightly wounded.
You closely miss the quokka. You closely miss the kobold.
The kobold hits you with a +0 short sword.
The quokka bites you but does no damage.
You block the quokka's attack.
The kobold hits you with a +0 short sword.
The quokka barely misses you. The quokka bites you.
You are too injured to fight recklessly!
You are too injured to fight recklessly!
You are too injured to fight recklessly!
You are too injured to fight recklessly!
You are too injured to fight recklessly!
The quokka bites you but does no damage. x2
The kobold throws a stone.
You block the stone.
You see here a +0 scale mail.
The quokka twitches its whiskers.
The quokka bites you.
* * * LOW HITPOINT WARNING * * *
You slash the quokka!
You kill the quokka!
You block the quokka's attack.
You barely miss the quokka. You block the quokka's attack.
The quokka bites you.
You die...

...)..###K## ..# .....##.[.#
.# ........### ..
##########...### . #...#
#.#...### #...# #K..#...###
###...### #l#...#...#
#.......# #r###.###.#
####.......####@# #.....###
#.............#.# #####...#
+......⌠......+.#### #...#
#.............#....# #...#
####.......####....####.#.####
#......<# ##........#....##
###...### #...............#
#...# ##...############ #...#
##...#


You could see a quokka, a kobold and a frilled lizard.

Vanquished Creatures
  A hobgoblin (D:1)
  A quokka (D:1)
2 creatures vanquished.

Notes
Turn   | Place    | Note
-------+----------+-------------------------------------------
     0 | D:1      | SkeletonJelly the Palentonga Fighter began the quest for
                  | the Orb.
     0 | D:1      | Reached XP level 1. HP: 19/19 MP: 1/1
    93 | D:1      | Slain by a quokka

Illustrated notes

Levels and vault maps discovered:
D:1:      minmay_arrival_cross, layout_rooms, basic_ecumenical_altar,
          minmay_tetromino_s4

Action                   || total
-------------------------++-------
Melee: War axe           ||    12
 Abil: Rolling Charge    ||     2
Armor: Scale mail        ||     8
Dodge: Dodged            ||     6
Block: Kite shield       ||    16
